ORI
MISSISSIPPI STATE UNIVERSITY BULLDOGS @ UNIVERSITY OF CONNETICUT HUSKIES
10/31/2044
 
TOP OF THE 1ST
Mississippi State University Bulldogs batting - Pitching for University of Conneticut Huskies : LHP Willie Rivera
Pitching: LHP Willie Rivera
Batting: RHB Bo Mar 0-0: Called Strike
0-1: TRIPLE (Flyball, 89XD, EV 96.9 MPH)
Batting: RHB George Wagner 0-0: Ball
1-0: DOUBLE (Line Drive, 89XD, EV 101.9 MPH)
Bo Mar scores
Batting: RHB Bryan Payne 0-0: Ball
1-0: Ball
George Wagner steals 3rd base
2-0: Ball
3-0: Called Strike
3-1: Foul Ball, location: 2F
3-2: Strikes out looking
Batting: RHB Xiao-shuang Au 0-0: Fly out, F4 (Flyball, 4D, EV 88.1 MPH)
Batting: LHB Rich Matthews 0-0: Ball
1-0: Ground out 4-3 (Groundball, 4, EV 106.9 MPH)
Top of the 1st over - 1 run, 2 hits, 0 errors, 1 left on base; Mississippi State University 1 - University of Conneticut 0
BOTTOM OF THE 1ST
University of Conneticut Huskies batting - Pitching for Mississippi State University Bulldogs : RHP Afanasy Zasekin
Pitching: RHP Afanasy Zasekin
Batting: RHB Michael Youngberry 0-0: Called Strike
0-1: Foul Ball, location: 2F
0-2: Foul Ball, location: 2F
0-2: Ball
1-2: Ball
2-2: Ball
3-2: Base on Balls
Batting: LHB Nick Rooney 0-0: Foul Ball, location: 2F
0-1: Ball
1-1: Called Strike
1-2: SINGLE (Groundball, 56D, EV 106.9 MPH)
Michael Youngberry to second
Batting: RHB Bill Stern 0-0: Ball
1-0: Ball
2-0: Called Strike
2-1: 3-RUN HOME RUN (Flyball, 78XD, EV 104.4 MPH), Distance : 414 ft
Batting: RHB Preston Hill 0-0: Ground out 5-3 (Groundball, 5, EV 83.8 MPH)
Batting: RHB Hector Barajas 0-0: Called Strike
0-1: Ball
1-1: Fly out, F7 (Flyball, 7D, EV 104.4 MPH)
Batting: RHB Edwin Bejarano 0-0: Ball
1-0: Foul Ball, location: 2F
1-1: Ball
2-1: Ball
3-1: Swinging Strike
3-2: Foul Ball, location: 2F
3-2: Ground out 5-3 (Groundball, 56, EV 86.3 MPH)
Bottom of the 1st over - 3 runs, 2 hits, 0 errors, 0 left on base; Mississippi State University 1 - University of Conneticut 3
TOP OF THE 2ND
Mississippi State University Bulldogs batting - Pitching for University of Conneticut Huskies : LHP Willie Rivera
Batting: LHB Dave Carlisle 0-0: Called Strike
0-1: Foul Ball, location: 2F
0-2: Foul Ball, location: 2F
0-2: Strikes out swinging
Batting: LHB Dusty Bryant 0-0: Ball
1-0: Ball
2-0: Foul Ball, location: 2F
2-1: Foul Ball, location: 2F
2-2: Ground out 4-3 (Groundball, 4, EV 84.4 MPH)
Batting: RHB Justin Young 0-0: Called Strike
0-1: Swinging Strike
0-2: Ball
1-2: Strikes out swinging
Top of the 2nd over - 0 runs, 0 hits, 0 errors, 0 left on base; Mississippi State University 1 - University of Conneticut 3
BOTTOM OF THE 2ND
University of Conneticut Huskies batting - Pitching for Mississippi State University Bulldogs : RHP Afanasy Zasekin
Batting: RHB Chris Bejarano 0-0: Ball
1-0: Called Strike
1-1: Ball
2-1: Swinging Strike
2-2: Ground out 6-3 (Groundball, 6, EV 102.5 MPH)
Batting: RHB Mario Verduzco 0-0: Called Strike
0-1: Ball
1-1: Ball
2-1: Foul Ball, location: 2F
2-2: Ball
3-2: Foul Ball, location: 2F
3-2: Foul Ball, location: 2F
3-2: Base on Balls
Batting: RHB Hector Tabares 0-0: Called Strike
0-1: Foul Ball, location: 2F
0-2: Strikes out swinging
Batting: RHB Michael Youngberry 0-0: Ball
1-0: Ball
2-0: Ball
3-0: Base on Balls
Mario Verduzco to second
Pitching: LHP John Schmidt
Batting: LHB Nick Rooney 0-0: Swinging Strike
0-1: Ball
1-1: Ball
2-1: Ground out 6-3 (Groundball, 6S, EV 62.5 MPH)
Bottom of the 2nd over - 0 runs, 0 hits, 0 errors, 2 left on base; Mississippi State University 1 - University of Conneticut 3
TOP OF THE 3RD
Mississippi State University Bulldogs batting - Pitching for University of Conneticut Huskies : LHP Willie Rivera
Batting: SHB Dylan Best 0-0: Ball
1-0: Ball
2-0: Called Strike
2-1: Ball
3-1: Called Strike
3-2: Foul Ball, location: 2F
3-2: Foul Ball, location: 2F
3-2: SINGLE (Groundball, 6S, EV 68.1 MPH) (infield hit)
Batting: RHB Bo Mar 0-0: SINGLE (Groundball, 56, EV 99.4 MPH) (infield hit)
Dylan Best to second
Batting: RHB George Wagner 0-0: Called Strike
0-1: Ball
1-1: Ball
2-1: Called Strike
2-2: Foul Ball, location: 2F
2-2: Foul Ball, location: 2F
2-2: Fly out, F7 (Flyball, 7LS, EV 80.6 MPH)
Batting: RHB Bryan Payne 0-0: Foul Ball, location: 2F
0-1: Ball
1-1: Foul Ball, location: 2F
1-2: Fly out, F8 (Flyball, 8LM, EV 91.3 MPH)
Batting: RHB Xiao-shuang Au 0-0: Foul Ball, location: 2F
0-1: Ground out U3 (Groundball, 34, EV 88.1 MPH)
Top of the 3rd over - 0 runs, 2 hits, 0 errors, 2 left on base; Mississippi State University 1 - University of Conneticut 3
BOTTOM OF THE 3RD
University of Conneticut Huskies batting - Pitching for Mississippi State University Bulldogs : LHP John Schmidt
Batting: RHB Bill Stern 0-0: Foul Ball, location: 2F
0-1: Hit by Pitch
Batting: RHB Preston Hill 0-0: Ball
1-0: Foul Ball, location: 2F
1-1: Called Strike
1-2: Ball
2-2: Fly out, F9 (Flyball, 9LM, EV 95.0 MPH)
Batting: RHB Hector Barajas 0-0: Swinging Strike
0-1: SINGLE (Groundball, 6, EV 99.4 MPH)
Bill Stern to second
Batting: RHB Edwin Bejarano 0-0: Called Strike
0-1: Ball
1-1: Swinging Strike
1-2: Foul Ball, location: 2F
1-2: Strikes out swinging
Batting: RHB Chris Bejarano 0-0: Fly out, F7 (Flyball, 7, EV 89.4 MPH)
Bottom of the 3rd over - 0 runs, 1 hit, 0 errors, 2 left on base; Mississippi State University 1 - University of Conneticut 3
TOP OF THE 4TH
Mississippi State University Bulldogs batting - Pitching for University of Conneticut Huskies : LHP Willie Rivera
Batting: LHB Rich Matthews 0-0: Called Strike
0-1: SINGLE (Groundball, 34S, EV 66.9 MPH) (infield hit)
Batting: LHB Dave Carlisle 0-0: Called Strike
0-1: DOUBLE (Line Drive, 7LD, EV 104.4 MPH)
Rich Matthews to third
Batting: LHB Dusty Bryant 0-0: Swinging Strike
0-1: Swinging Strike
0-2: Ball
1-2: Foul Ball, location: 2F
1-2: Ball
2-2: Foul Ball, location: 2F
2-2: Strikes out swinging
Batting: RHB Justin Young 0-0: Ball
1-0: Fly out, F7 (Flyball, 7D, EV 86.9 MPH)
Runner from 3rd tags up, SCORES, no throw by LF
Dave Carlisle to third
Batting: SHB Dylan Best 0-0: Ball
1-0: Swinging Strike
1-1: Called Strike
1-2: Fly out, F6 (Popup, P, EV 75.0 MPH)
Top of the 4th over - 1 run, 2 hits, 0 errors, 1 left on base; Mississippi State University 2 - University of Conneticut 3
BOTTOM OF THE 4TH
University of Conneticut Huskies batting - Pitching for Mississippi State University Bulldogs : LHP John Schmidt
Batting: RHB Mario Verduzco 0-0: Ball
1-0: Swinging Strike
1-1: Swinging Strike
1-2: Ball
2-2: Ball
3-2: DOUBLE (Groundball, 5L, EV 99.4 MPH)
Batting: RHB Hector Tabares 0-0: Fly out, F8 (Flyball, 8LXD, EV 90.0 MPH)
Runner from 2nd tags up, SAFE at 3rd, no throw by CF
Batting: RHB Michael Youngberry 0-0: Ball
1-0: Ball
2-0: Called Strike
2-1: Called Strike
2-2: Ball
3-2: Foul Ball, location: 2F
3-2: Foul Ball, location: 2F
3-2: Base on Balls
Batting: LHB Nick Rooney 0-0: Ball
1-0: Ball
Michael Youngberry steals 2nd base
2-0: Called Strike
2-1: SINGLE (Groundball, 4MS, EV 70.0 MPH) (infield hit)
Mario Verduzco scores
Michael Youngberry to third
Batting: RHB Bill Stern 0-0: Called Strike
0-1: Ball
1-1: Called Strike
1-2: Ball
2-2: Ball
3-2: Foul Ball, location: 2F
3-2: Strikes out swinging
Batting: RHB Preston Hill 0-0: Foul Ball, location: 2F
0-1: Ball
1-1: Foul Ball, location: 2F
1-2: Ground out 4-3 (Groundball, 4S, EV 89.4 MPH)
Bottom of the 4th over - 1 run, 2 hits, 0 errors, 2 left on base; Mississippi State University 2 - University of Conneticut 4
TOP OF THE 5TH
Mississippi State University Bulldogs batting - Pitching for University of Conneticut Huskies : LHP Willie Rivera
Batting: RHB Bo Mar 0-0: Ball
1-0: Foul Ball, location: 2F
1-1: Foul Ball, location: 2F
1-2: Foul Ball, location: 2F
1-2: Fly out, F8 (Line Drive, 8LD, EV 101.9 MPH)
Batting: RHB George Wagner 0-0: Ball
1-0: Ball
2-0: Ball
3-0: Called Strike
3-1: Base on Balls
Pitching: LHP Ernesto Ruiz
Batting: RHB Bryan Payne 0-0: Ball
1-0: Foul Ball, location: 2F
1-1: Ball
2-1: Foul Ball, location: 2F
2-2: Strikes out swinging
Batting: RHB Xiao-shuang Au 0-0: Called Strike
0-1: Swinging Strike
0-2: Ball
1-2: Ball
George Wagner steals 2nd, throwing error, E2
George Wagner to third
2-2: Fly out, F9 (Line Drive, 9, EV 86.9 MPH)
Top of the 5th over - 0 runs, 0 hits, 1 error, 1 left on base; Mississippi State University 2 - University of Conneticut 4
BOTTOM OF THE 5TH
University of Conneticut Huskies batting - Pitching for Mississippi State University Bulldogs : LHP John Schmidt
Batting: RHB Hector Barajas 0-0: DOUBLE (Line Drive, 5D, EV 109.4 MPH)
Batting: RHB Edwin Bejarano 0-0: Foul Ball, location: 2F
0-1: Ground out 6-3 (Groundball, 56, EV 103.8 MPH)
Pitching: LHP Roberto Vargas
Batting: RHB Chris Bejarano 0-0: Ball
1-0: Ball
2-0: Called Strike
2-1: Ball
3-1: Base on Balls
Batting: RHB Mario Verduzco 0-0: Swinging Strike
0-1: Ball
1-1: Ball
2-1: Foul Ball, location: 2F
2-2: Fielders Choice at 2nd, 5-4 (Groundball, 56S, EV 82.5 MPH)
Hector Barajas to third
Batting: RHB Hector Tabares 0-0: Ball
1-0: Called Strike
1-1: Called Strike
1-2: DOUBLE (Line Drive, 78XD, EV 103.8 MPH)
Hector Barajas scores
Mario Verduzco to third
Runner from 3rd tries for Home, SAFE, throw by CF to home
Batting: RHB Michael Youngberry 0-0: Ball
1-0: Foul Ball, location: 2F
1-1: DOUBLE (Groundball, 3L, EV 100.0 MPH)
Hector Tabares scores
Batting: LHB Nick Rooney 0-0: Ball
1-0: Ball
2-0: Fly out, F8 (Flyball, 8LD, EV 97.5 MPH)
Bottom of the 5th over - 3 runs, 3 hits, 0 errors, 1 left on base; Mississippi State University 2 - University of Conneticut 7
TOP OF THE 6TH
Mississippi State University Bulldogs batting - Pitching for University of Conneticut Huskies : LHP Ernesto Ruiz
Batting: LHB Rich Matthews 0-0: Ball
1-0: DOUBLE (Line Drive, 7LM, EV 101.9 MPH)
Batting: LHB Dave Carlisle 0-0: Foul Ball, location: 2F
0-1: Foul Ball, location: 2F
0-2: Ball
1-2: Foul Ball, location: 2F
1-2: DOUBLE (Line Drive, 7LS, EV 88.1 MPH)
Rich Matthews scores
Batting: LHB Dusty Bryant 0-0: Ball
1-0: Swinging Strike
1-1: Swinging Strike
1-2: Ball
2-2: Foul Ball, location: 2F
2-2: Ball
3-2: Foul Ball, location: 2F
3-2: Ground out 3-1 (Groundball, 34S, EV 78.8 MPH)
Dave Carlisle to third
Batting: RHB Justin Young 0-0: Ball
1-0: Ball
2-0: Foul Ball, location: 2F
2-1: Foul Ball, location: 2F
2-2: Strikes out swinging
Batting: SHB Dylan Best 0-0: Foul Ball, location: 2F
0-1: Ball
1-1: Swinging Strike
1-2: Ball
2-2: Strikes out swinging
Top of the 6th over - 1 run, 2 hits, 0 errors, 1 left on base; Mississippi State University 3 - University of Conneticut 7
BOTTOM OF THE 6TH
University of Conneticut Huskies batting - Pitching for Mississippi State University Bulldogs : LHP Roberto Vargas
Batting: RHB Bill Stern 0-0: Called Strike
0-1: Foul Ball, location: 2F
0-2: Foul Ball, location: 2F
0-2: SINGLE (Groundball, 56D, EV 94.4 MPH)
Batting: RHB Preston Hill 0-0: Ball
Wild Pitch!
Bill Stern to second
1-0: Called Strike
1-1: Ball
2-1: Ball
3-1: Called Strike
3-2: Base on Balls
Batting: RHB Hector Barajas 0-0: Ball
1-0: Ball
2-0: Called Strike
2-1: Ball
3-1: SINGLE (Line Drive, 78S, EV 95.6 MPH)
Bill Stern to third
Preston Hill to second
Runner from 3rd tries for Home, throw by LF and OUT! 7-2
Batting: RHB Edwin Bejarano 0-0: Ball
1-0: Ball
2-0: Ball
3-0: Base on Balls
Preston Hill to third
Hector Barajas to second
Batting: RHB Chris Bejarano 0-0: Called Strike
0-1: Foul Ball, location: 2F
0-2: Ball
1-2: Strikes out swinging
Batting: RHB Mario Verduzco 0-0: Called Strike
0-1: Foul Ball, location: 2F
0-2: SINGLE (Groundball, 6MD, EV 98.8 MPH)
Preston Hill scores
Hector Barajas to third
Edwin Bejarano to second
Runner from 3rd tries for Home, SAFE, throw by CF to home
Pitching: LHP Jarrett Kelley
Batting: RHB Hector Tabares 0-0: Ball
1-0: Called Strike
1-1: Ball
2-1: Foul Ball, location: 2F
2-2: Strikes out swinging
Bottom of the 6th over - 2 runs, 3 hits, 0 errors, 2 left on base; Mississippi State University 3 - University of Conneticut 9
TOP OF THE 7TH
Mississippi State University Bulldogs batting - Pitching for University of Conneticut Huskies : LHP Ernesto Ruiz
Batting: RHB Bo Mar 0-0: Ball
1-0: Ball
2-0: Ball
3-0: Base on Balls
Batting: RHB George Wagner 0-0: Ball
1-0: Ball
2-0: Swinging Strike
2-1: Fly out, F8 (Line Drive, 8RM, EV 90.6 MPH)
Batting: RHB Bryan Payne 0-0: Ball
1-0: Ball
Bo Mar steals 2nd base
2-0: Foul Ball, location: 2F
2-1: Foul Ball, location: 2F
2-2: Ball
3-2: Fly out, F8 (Line Drive, 8RM, EV 94.4 MPH)
Batting: RHB Xiao-shuang Au 0-0: Ball
1-0: Ball
2-0: Ball
3-0: Called Strike
3-1: Swinging Strike
3-2: Ground out 2-3 (Groundball, 2L, EV 61.9 MPH)
Top of the 7th over - 0 runs, 0 hits, 0 errors, 1 left on base; Mississippi State University 3 - University of Conneticut 9
BOTTOM OF THE 7TH
University of Conneticut Huskies batting - Pitching for Mississippi State University Bulldogs : LHP Jarrett Kelley
Batting: RHB Michael Youngberry 0-0: Called Strike
0-1: Foul Ball, location: 2F
0-2: Strikes out swinging
Batting: LHB Nick Rooney 0-0: Ball
1-0: Swinging Strike
1-1: Ground out 4-3 (Groundball, 4, EV 110.6 MPH)
Batting: RHB Bill Stern 0-0: Ball
1-0: Ball
2-0: Ball
3-0: Base on Balls
Batting: RHB Preston Hill 0-0: Ball
1-0: SINGLE (Line Drive, 8RS, EV 97.5 MPH)
Bill Stern to second
Runner from 2nd tries for 3rd, OUT! 8-5
Bottom of the 7th over - 0 runs, 1 hit, 0 errors, 1 left on base; Mississippi State University 3 - University of Conneticut 9
TOP OF THE 8TH
Mississippi State University Bulldogs batting - Pitching for University of Conneticut Huskies : LHP Ernesto Ruiz
Batting: LHB Rich Matthews 0-0: Ball
1-0: Swinging Strike
1-1: SINGLE (Groundball, 6MD, EV 103.1 MPH)
Pitching: RHP Ryan Cuff
Batting: LHB Dave Carlisle 0-0: Ball
1-0: Swinging Strike
1-1: Ball
2-1: Ball
3-1: Fly out, F7 (Flyball, 78D, EV 100.0 MPH)
Batting: LHB Dusty Bryant 0-0: Swinging Strike
0-1: Ball
1-1: Fielders Choice at 2nd, 3-6 (Groundball, 34S, EV 85.6 MPH)
Batting: RHB Justin Young 0-0: Ball
1-0: SINGLE (Groundball, 34D, EV 111.9 MPH)
Dusty Bryant to second
Runner from 2nd tries for 3rd, SAFE, throw by RF made to third
Batting: SHB Dylan Best 0-0: Called Strike
0-1: Ball
1-1: Foul Ball, location: 2F
1-2: Ball
2-2: Strikes out looking
Top of the 8th over - 0 runs, 2 hits, 0 errors, 2 left on base; Mississippi State University 3 - University of Conneticut 9
BOTTOM OF THE 8TH
University of Conneticut Huskies batting - Pitching for Mississippi State University Bulldogs : LHP Jarrett Kelley
Now at 3B: Alain Marquet
Batting: RHB Hector Barajas 0-0: Ball
1-0: Ball
2-0: Ball
3-0: Base on Balls
Batting: RHB Edwin Bejarano 0-0: Fielders Choice at 2nd, 4-6 (Groundball, 4, EV 81.3 MPH)
Batting: RHB Chris Bejarano 0-0: Ball
1-0: Called Strike
1-1: Ball
2-1: Called Strike
2-2: Ball
3-2: Base on Balls
Edwin Bejarano to second
Batting: RHB Mario Verduzco 0-0: Called Strike
0-1: SINGLE (Groundball, 34D, EV 102.5 MPH)
Edwin Bejarano to third
Chris Bejarano to second
Batting: RHB Hector Tabares 0-0: Fielders Choice at 2nd, 5-4 (Groundball, 56, EV 84.4 MPH)
Edwin Bejarano scores
Chris Bejarano to third
Pinch Hitting: RHB Bezzi Chinouyazue 0-0: Ball
1-0: Ball
2-0: SINGLE (Line Drive, 9S, EV 96.3 MPH)
Chris Bejarano scores
Hector Tabares to second
Pinch Hitting: RHB Alejandro Collazo 0-0: 3-RUN HOME RUN (Flyball, 78XD, EV 103.8 MPH), Distance : 419 ft
Batting: RHB Bill Stern 0-0: Called Strike
0-1: Ball
1-1: Called Strike
1-2: SINGLE (Groundball, 6D, EV 106.3 MPH)
Pinch Hitting: RHB Nick Castillo 0-0: Called Strike
0-1: Ball
1-1: SINGLE (Groundball, 56, EV 101.9 MPH)
Bill Stern to second
Batting: RHB Hector Barajas 0-0: Foul Ball, location: 2F
0-1: Ball
1-1: Ball
2-1: Ball
3-1: Called Strike
3-2: Strikes out swinging
Bottom of the 8th over - 5 runs, 5 hits, 0 errors, 2 left on base; Mississippi State University 3 - University of Conneticut 14
TOP OF THE 9TH
Mississippi State University Bulldogs batting - Pitching for University of Conneticut Huskies : RHP Ryan Cuff
Now at 1B: Bezzi Chinouyazue
Now in CF: Nick Castillo
Now in RF: Tommie Connolly
Pinch Hitting: SHB Corey Penson 0-0: Called Strike
0-1: Ball
1-1: Foul Ball, location: 2F
1-2: Fly out, F8 (Flyball, 8RD, EV 87.5 MPH)
Batting: RHB George Wagner 0-0: Called Strike
0-1: Ball
1-1: Ball
2-1: Ball
3-1: Base on Balls
Batting: RHB Bryan Payne 0-0: Swinging Strike
0-1: Foul Ball, location: 2F
0-2: Ball
1-2: Ball
2-2: Strikes out swinging
Batting: RHB Alain Marquet 0-0: Called Strike
0-1: Ball
1-1: SINGLE (Groundball, 6MD, EV 96.9 MPH)
George Wagner to second
Pinch Hitting: RHB Chuk-yan Li 0-0: SINGLE (Line Drive, 8LM, EV 93.8 MPH)
George Wagner to third
Alain Marquet to second
Batting: LHB Dave Carlisle 0-0: Fly out, F4 (Flyball, 34D, EV 76.3 MPH)
Top of the 9th over - 0 runs, 2 hits, 0 errors, 3 left on base; Mississippi State University 3 - University of Conneticut 14
Thursday, March 31st , 2022 - OOTP Baseball 22.12 Build 89